 Dungeon Crawl Stone Soup version 0.29.1-13-g9f3cf754e1 (webtiles) character file.

Game seed: 5404515026550698272

47 Chromatus the Slasher (level 3, -8/23 HPs)
             Began as a Tengu Monk on Jan 31, 2023.
             Mangled by an iguana (14 damage)
             ... on level 3 of the Dungeon.
             The game lasted 00:05:18 (2135 turns).

Chromatus the Slasher (Tengu Monk)                  Turns: 2135, Time: 00:05:19

Health: -8/23      AC:  2    Str: 14    XL:     3   Next: 70%
Magic:  4/4        EV: 14    Int: 16    God:
Gold:   115        SH:  0    Dex: 18    Spells: 2/2 levels left

rFire   + . .      SeeInvis .   a - +0 falchion
rCold   + . .      Faith    .   (no shield)
rNeg    . . .      Spirit   .   b - +0 robe
rPois   .          Reflect  .   (helmet restricted)
rElec   .          Harm     .   (no cloak)
rCorr   .          Rampage  .   (no gloves)
Will    +....                   (boots unavailable)
Stlth   ++........              (no amulet)
HPRegen 0.07/turn               j - ring "Dolusawi" {rF+ rC+ Will+ Str+3 Int+6}
MPRegen 0.09/turn               (no ring)

@: no status effects
A: beak, talons 3
a: no special abilities


You were on level 3 of the Dungeon.
You visited 1 branch of the dungeon, and saw 3 of its levels.

You collected 115 gold pieces.

Inventory:

Hand Weapons
 a - a +0 falchion (weapon)
 m - the +1 dagger of Sloth {pain, *Noise rN+ Will+ Stlth+}
   (You found it on level 2 of the Dungeon)

   In the hands of one skilled in necromantic magic, it inflicts extra damage on
   living creatures.
   rN:        It protects you from negative energy.
   *Noise:    It may make noises in combat.
   Will:      It increases your willpower.
   Stlth:     It makes you more stealthy.
Armour
 b - a +0 robe (worn)
 k - a +0 ring mail
Jewellery
 j - the ring "Dolusawi" (left hand) {rF+ rC+ Will+ Str+3 Int+6}
   (You found it on level 2 of the Dungeon)

   [ring of intelligence]

   Str:       It affects your strength (+3).
   Int:       It affects your intelligence (+6).
   rF:        It protects you from fire.
   rC:        It protects you from cold.
   Will:      It increases your willpower.
Scrolls
 d - a scroll of noise {unknown}
 e - 2 scrolls of teleportation {unknown}
 f - a scroll of enchant weapon {unknown}
 l - a scroll of amnesia {unknown}
Potions
 c - a potion of ambrosia
 g - a potion of lignification {unknown}
 h - 2 potions of curing {unknown}
 i - a potion of attraction {unknown}


   Skills:
 + Level 3.5 Fighting
 * Level 4.1 Long Blades
 + Level 3.8 Dodging
 - Level 2.0 Stealth


You had 2 spell levels left.
You didn't know any spells.
Your spell library contained the following spells:

 Spells                   Type           Power      Damage    Failure   Level
 Sublimation of Blood     Necr           0%         N/A       36%         2
 Wereblood                Tmut           0%         N/A       36%         2
 Summon Hydra             Summ           0%         N/A       100%        7


Dungeon Overview and Level Annotations

Branches:
Dungeon (3/15)

Altars:

Shops:
D:1 [


Innate Abilities, Weirdness & Mutations

You have a beak for a mouth.
You have claws for feet.


Message History

You kill the endoplasm!
Found a stone staircase leading down.
Found a club.
You see here a +0 club.
You see here the +1 dagger of Sloth {pain, *Noise rN+ Will+ Stlth+}.
You now have 115 gold pieces (gained 17).
Done exploring.
Done exploring.
Search for what [Enter for "."]? .
You see here the +1 dagger of Sloth {pain, *Noise rN+ Will+ Stlth+}.
m - the +1 dagger of Sloth {pain, *Noise rN+ Will+ Stlth+} You don't know any spells.
Done exploring.
Search for what [Enter for "."]? .
There is a stone staircase leading down here.
You climb downwards.
There is a stone staircase leading up here.
An iguana comes into view.
Found a fuming blue potion.
The iguana hisses angrily.
You closely miss the iguana. You peck the iguana.
The iguana is lightly wounded.
The iguana misses you.
You hit the iguana but do no damage. You claw the iguana.
The iguana is lightly wounded.
The iguana barely misses you.
You hit the iguana but do no damage.
The iguana is lightly wounded.
The iguana bites you!
You hit the iguana but do no damage. Your peck misses the iguana.
The iguana is lightly wounded.
The iguana completely misses you.
You hit the iguana but do no damage. Your kick misses the iguana.
The iguana is lightly wounded.
The iguana bites you!
* * * LOW HITPOINT WARNING * * *
You are too injured to fight recklessly!
The iguana attacks as you move away! The iguana bites you!
Ouch! That really hurt!
You die...

### #.. +..
#.# ## #.#
....###.#
#.!....#
###.###l#
.......@##
###.#....#
#......<#
#..##....#
..........
###..#####.
### #. ....
.. ... ..


You could see an iguana.

Vanquished Creatures
  2 dart slugs (D:1)
  4 bats
  5 endoplasms
  2 giant cockroaches (D:1)
  3 goblins
  6 hobgoblins (D:1)
  3 quokkas
  8 ball pythons
  A kobold (D:2)
  2 rats
36 creatures vanquished.

Notes
Turn   | Place    | Note
-------+----------+-------------------------------------------
     0 | D:1      | Chromatus the Tengu Monk began the quest for the Orb.
     0 | D:1      | Reached XP level 1. HP: 14/14 MP: 2/2
   221 | D:1      | Reached XP level 2. HP: 19/19 MP: 3/3
   434 | D:1      | Found a faded altar of an unknown god.
   679 | D:1      | Reached XP level 3. HP: 22/23 MP: 4/4
  1220 | D:1      | Found Giygaog's Antique Armour Shop.
  1275 | D:2      | Reached skill level 4 in Long Blades
  1434 | D:2      | Identified the ring "Dolusawi" {rF+ rC+ Will+ Str+3 Int+6}
  2049 | D:2      | Identified the +1 dagger of Sloth {pain, *Noise rN+ Will+
                  | Stlth+}
  2135 | D:3      | Mangled by an iguana

Illustrated notes

Levels and vault maps discovered:
D:1:      dpeg_arrival_rhombi, layout_loops_corners,
          shapermc_ecumenical_altar_gd, serial_shops, nicolae_shop_stone
D:2:      layout_basic
D:3:      layout_basic, serial_forest, infiniplex_forest_diagonal,
          infiniplex_forest_zigzag_2, infiniplex_forest_end_2,
          infiniplex_forest_end_3, infiniplex_forest_straight_3,
          gammafunk_ghost_icy, uniq_crazy_yiuf_cottage

Skill      XL: |  1  2  3 |
---------------+----------+-----
Long Blades    | 4 |  4.1
Fighting       | |  3.5
Dodging        | |  3.8
Stealth        | |  2.0

Action                   || total
-------------------------++-------
Melee: Falchion          ||    73
       Kick              ||    14
       Peck              ||     9
 Stab: Sleeping          ||     8
Armor: Robe              ||     6
Dodge: Dodged            ||    38
